 Dungeon Crawl Stone Soup version 0.30-a0-953-g5f1da4a474 (webtiles) character file.

Game seed: 318591087377317801

264 cforsyth the Cudgeller (level 6, 0/50 HPs)
             Began as a Formicid Fighter on Mar 28, 2023.
             Slain by a gnoll bouda
             ... wielding a +0 club
              (7 damage)
             ... on level 3 of the Dungeon.
             The game lasted 00:02:35 (2831 turns).

cforsyth the Cudgeller (Formicid Fighter)           Turns: 2831, Time: 00:02:36

Health: 0/50       AC:  6    Str: 22    XL:     6   Next: 43%
Magic:  6/6        EV:  9    Int:  8    God:
Gold:   81         SH:  5    Dex: 13    Spells: 5/5 levels left

rFire   . . .      SeeInvis +    a - +0 flail
rCold   . . .      Faith    .    c - +0 buckler
rNeg    . . .      Spirit   .    b - +0 scale mail
rPois   .          Reflect  .    (helmet unavailable)
rElec   .          Rampage  .    (no cloak)
rCorr   .                        (no gloves)
Will    .....                    (no boots) Stlth
                                 (no amulet)
HPRegen 0.28/turn                (no ring)
MPRegen 0.10/turn                (no ring)

@: weakened
A: permanent stasis, dig shafts and tunnels, antennae 3, four strong arms
a: Dig, Shaft Self


You were on level 3 of the Dungeon.
You visited 1 branch of the dungeon, and saw 4 of its levels.

You collected 139 gold pieces.
You spent 58 gold pieces at shops.

Inventory:

Hand Weapons
 a - a +0 flail (weapon)
Armour
 b - a +0 scale mail (worn)
 c - a +0 buckler (worn)
Jewellery
 o - a ring of poison resistance
Wands
 s - a wand of quicksilver (2)
Scrolls
 f - 2 scrolls of magic mapping {unknown}
 i - 6 scrolls of identify {unknown}
 l - 2 scrolls of enchant weapon {unknown}
 m - a scroll of poison {unknown}
 n - a scroll of vulnerability {unknown}
 p - a scroll of blinking {unknown}
 t - a scroll of fear {unknown}
Potions
 d - 2 potions of might
 e - a potion of heal wounds {unknown}
 g - 2 potions of ambrosia {unknown}
 h - a potion of mutation {unknown}
 j - a potion of haste {unknown}
 k - a potion of berserk rage {unknown}
 q - a potion of resistance {unknown}
 r - a potion of cancellation {unknown}


   Skills:
 + Level 4.9 Fighting
 * Level 5.3 Maces & Flails
 - Level 3.2 Armour
 - Level 4.0 Shields


You had 5 spell levels left.
You didn't know any spells.
Your spell library was empty.

Dungeon Overview and Level Annotations

Branches:
Dungeon (4/15)
 Temple: D:4-7

Altars:

Shops:
D:1 *


Innate Abilities, Weirdness & Mutations

You cannot be hasted, slowed, berserked, paralysed or teleported.
You can dig through walls and to a lower floor.
You have a pair of large antennae on your head. (SInv)
Your four strong arms can wield two-handed weapons with a shield.


Message History

The gnoll bouda is severely wounded.
The gnoll bouda hits you with a +0 club.
* * * LOW HITPOINT WARNING * * *
You barely miss the gnoll bouda.
The gnoll bouda is severely wounded.
The gnoll bouda barely misses you.
The gnoll bouda hits you with a +0 club.
* * * LOW HITPOINT WARNING * * *
You barely miss the gnoll bouda.
The gnoll bouda is severely wounded.
You block the gnoll bouda's attack.
You hit the gnoll bouda but do no damage.
The gnoll bouda is severely wounded.
Your attacks no longer feel as feeble.
You block the gnoll bouda's attack.
You completely miss the gnoll bouda.
The gnoll bouda is severely wounded.
You block the gnoll bouda's attack.
You hit the gnoll bouda.
The gnoll bouda is almost dead.
The gnoll bouda closely misses you.
You barely miss the gnoll bouda.
The gnoll bouda is almost dead.
The gnoll bouda gazes fiercely through you!
You feel your attacks grow feeble. The gnoll bouda barely misses you. x2
You barely miss the gnoll bouda.
The gnoll bouda is almost dead.
The gnoll bouda mumbles some strange prayers to its god.
The gnoll bouda is healed somewhat.
You hit the gnoll bouda.
The gnoll bouda is severely wounded.
The gnoll bouda hits you with a +0 club.
* * * LOW HITPOINT WARNING * * *
You hit the gnoll bouda.
The gnoll bouda is almost dead.
The gnoll bouda gazes fiercely through you!
You feel as though you will be weak longer.
The gnoll bouda hits you with a +0 club!
You die...

# ##.8.......# #........# #.#
##........###.######.# #.# ##.
##..................# #.# ⌠##..
##.......##.##########.## ..#.
#.......##.#...........# ..#.
#.......##†#.########### ..#.
#........#.#.....# ..##
##......#g#.#.###.#######
...#####.......+@.............(#
.....##....)...#.#.#...#.####.##
#...##.8...........#...#.# #.#
##'##.....####.#.###<..#.# #.#
..........# #.#.# #...#.# #.#
..........# #.#.# #...#.# #.#
..........# #.#.# #...#.# #.#
..........# #.#.###...#.# #.#
..........# ##.....#...#.# #.#


You could see a gnoll bouda.

Vanquished Creatures
  2 scorpions (D:4)
  Ijyb (D:3)
  A gnoll (D:4)
  4 adders
  A worm (D:3)
  2 dart slugs
  8 ball pythons
  11 endoplasms
  3 giant cockroaches
  2 goblins
  5 hobgoblins
  8 jackals
  5 kobolds
  5 quokkas
  6 bats
  2 rats
66 creatures vanquished.

Notes
Turn   | Place    | Note
-------+----------+-------------------------------------------
     0 | D:1      | cforsyth the Formicid Fighter began the quest for the Orb.
     0 | D:1      | Reached XP level 1. HP: 18/18 MP: 1/1
     3 | D:1      | You fall into a shaft and drop 1 floor!
    17 | D:2      | Reached XP level 2. HP: 24/24 MP: 2/2
   134 | D:2      | Reached XP level 3. HP: 24/30 MP: 3/3
   186 | D:2      | Reached skill level 3 in Maces & Flails
   758 | D:1      | Reached XP level 4. HP: 31/37 MP: 4/4
  1218 | D:1      | Found Puxyukumn's Assorted Antiques.
  1226 | D:1      | Bought a scroll labelled NYFOOH MUSHAUH for 29 gold pieces
  1226 | D:1      | Bought a scroll labelled DAOPRU VEFIMACW for 29 gold pieces
  1694 | D:3      | Found a faded altar of an unknown god.
  1958 | D:3      | Found a faded altar of an unknown god.
  2210 | D:3      | Noticed Ijyb
  2223 | D:3      | Killed Ijyb
  2224 | D:3      | Reached skill level 4 in Maces & Flails
  2224 | D:3      | Reached XP level 5. HP: 20/42 MP: 5/5
  2753 | D:4      | Reached XP level 6. HP: 43/49 MP: 6/6
  2758 | D:4      | Reached skill level 5 in Maces & Flails
  2831 | D:3      | Slain by a gnoll bouda

Illustrated notes

Levels and vault maps discovered:
D:1:      sevenhm_arrival_forest_fort_small_4, layout_basic, serial_shops,
          shop_fountains
D:2:      layout_basic
D:3:      layout_basic, nicolae_overflow_ecumenical_swirl,
          nicolae_ecumenical_pavilion, uniq_ijyb
D:4:      layout_basic, hellmonk_ghost_happy_afterlife

Skill      XL: |  1  2  3  4  5  6 |
---------------+-------------------+-----
Maces & Flails | 3 4 5 |  5.3
Fighting       | 4 |  4.9
Armour         | |  3.2
Shields        | |  4.0

Action                     |  1- 3 |  4- 6 || total
---------------------------+-------+-------++-------
  Melee: Flail             |    85 |   133 ||   218
 Armour: Scale mail        |    37 |    49 ||    86
  Dodge: Dodged            |    44 |    51 ||    95
  Block: Buckler           |    17 |    33 ||    50

Table legend: (Time is in decaauts)
 A = Elapsed time spent in this place.
 B = Non-inter-level travel time spent in this place.
 C = Inter-level travel time spent in this place.
 D = Time resting spent in this place.
 E = Time spent auto-exploring this place.
 F = Levels seen in this place.
 G = Mean time per level.
                   A        B        C        D        E       F      G
               +--------+--------+--------+--------+--------+-----+--------+
         Total |   2882 |   2679 |    203 |      5 |   2183 |   4 |  720.5 |
       Dungeon |   2882 |   2679 |    203 |      5 |   2183 |   4 |  720.5 |
               +--------+--------+--------+--------+--------+-----+--------+

Top non-repeatable levels by time:
     D:3: 1087 daAuts
     D:2: 1024 daAuts
     D:1: 702 daAuts
     D:4: 68 daAuts
